[Event "*** Titled Tuesday Blitz"]
[Site "Chess.com"]
[Date "2020.04.14"]
[Round "3"]
[White "monikarozman"]
[Black "Sunnika"]
[Result "0-1"]
[WhiteElo "2160"]
[BlackElo "2356"]
[TimeControl "180+1"]
[EndTime "10:28:56 PDT"]
[Termination "Sunnika won by resignation"]

1. e4 Nf6 2. d3 d5 3. e5 Nfd7 4. f4 c5 5. Nf3 Nc6 6. Nc3 Nb6 7.
g3 Bf5 8. Bg2 Qd7 9. O-O Bh3 10.
a4 Bxg2 11. Kxg2 e6 12. a5 Nc8 13. Ne2 N8e7 14. d4 h5 15. dxc5 Nf5 16. c3 Bxc5 17. b4 Be7 18. Qb3 a6 19. Rd1 Qc7 20.
Ned4 Nfxd4 21. Nxd4 Rc8 22. Ne2 Na7 23. Be3 Nb5 24.
Rac1 Qc4 25. Qb2 O-O 26. Bd4 g6 27. h3 Rc6 28. g4 h4 29. Qc2 Bxb4 30. f5 exf5 31.
gxf5 Bxa5 32. f6 Bc7 33. Qd2 Kh7 34. Qf4 Qxe2+ 35. Kh1 Qe4+ 36. Qxe4 dxe4 37. Bf2 Bxe5 38. Bxh4 Bxf6 39. c4 Bxh4 40. cxb5 Rxc1 41. Rxc1 axb5 42. Rb1 e3 43. Kg2 e2 0-1

[Event "*** Titled Tuesday Blitz"]
[Site "Chess.com"]
[Date "2020.04.14"]
[Round "3"]
[White "gixfantastix"]
[Black "Training_Day"]
[Result "0-1"]
[WhiteElo "2090"]
[BlackElo "2315"]
[TimeControl "180+1"]
[EndTime "10:28:56 PDT"]
[Termination "Training_Day won on time"]

1. d4 Nf6 2. Nf3 e6 3. g3 b5 4. Bg2 Bb7 5. O-O c5 6. a4 b4 7. a5 Na6 8. Ne5 Bxg2 9. Kxg2 Qc7 10. Qd3 Qb7+ 11. Kg1 cxd4 12. Qxd4 Bc5 13. Qh4 O-O 14. Nd2 d6 15. Nd3 Rac8 16. Nf3 d5 17. Nxc5 Rxc5 18. Nd4 Nc7 19. Bg5 Ne4 20. Be7 Rc4 21. Bxf8 Rxd4 22. Qd8 Qa8 23. Qxa8 Nxa8 24. Be7 Rc4 25. c3 bxc3 26. bxc3 Nxc3 27. e3 f6 28. Rfb1 Nxb1 29. Rxb1 Kf7 30. Rb7 Rc7 31. Rxc7 Nxc7 32. Bc5 a6 33. Kf1 e5 34. Ke2 Ke6 35. Kd3 Nb5 36. h4 f5 37. h5 g6 38. h6 Kd7 39.
Bf8 Kc6 40. Bg7 e4+ 41. Kc2 Kc5 42. Kb3 d4 43. exd4+ Nxd4+ 44. Kc3 Nc6 45. Bf8+ Kd5 0-1

[Event "*** Titled Tuesday Blitz"]
[Site "Chess.com"]
[Date "2020.04.14"]
[Round "3"]
[White "BillCoe"]
[Black "Filip_Covic"]
[Result "0-1"]
[WhiteElo "2059"]
[BlackElo "2307"]
[TimeControl "180+1"]
[EndTime "10:28:59 PDT"]
[Termination "Filip_Covic won by resignation"]

1. e4 c5 2. Nf3 Nc6 3. Bb5 g6 4. Bxc6 dxc6 5. d3 Bg7 6. O-O Qc7 7. Nc3 e5 8. Be3 b6 9. h3 Nf6 10. Qd2 h6 11. Nh2 Nh5 12. Ne2 g5 13. c3 Be6 14.
Ng3 Nf4 15. Nf5 Bf6 16. Ng4 Be7 17. Ng7+ Kf8 18. Nxe6+ Nxe6 19. d4 exd4 20. cxd4 cxd4 21. Bxd4 Rd8 22. Rac1 Nxd4 23. Qe3 Qf4 24. Qxf4 gxf4 25. Rc4 c5 26. Kh2 f3 27. Kg3 fxg2 28. Kxg2 Rg8 29. Kh2 h5 30. Ne3 Nf3+ 31. Kh1 Nd2 32. Rcc1 Nxf1 33. Rxf1 Bf6 34. Nd5 Bxb2 35. h4 Rg4 36. Rd1 Rxe4 37. Nc3 Rxd1+ 38. Nxd1 Re1+ 39. Kg2 Rxd1 40. Kf3 Rd4 41. Ke3 Rxh4 42. Kd3 Rg4 43. a4 h4 0-1

[Event "*** Titled Tuesday Blitz"]
[Site "Chess.com"]
[Date "2020.04.14"]
[Round "3"]
[White "rasmussvane"]
[Black "praveenb2002"]
[Result "0-1"]
[WhiteElo "2869"]
[BlackElo "2672"]
[TimeControl "180+1"]
[EndTime "10:29:00 PDT"]
[Termination "praveenb2002 won on time"]

1. Nf3 d5 2. g3 Bg4 3. Bg2 Nd7 4. h3 Bh5 5. d4 Ngf6 6. O-O e6 7. c4 c6 8. cxd5 exd5 9. Nc3 Bd6 10. Nh4 O-O 11. f4 Ne8 12. Nf5 Bg6 13. Nxd6 Nxd6 14. g4 f5 15. b3 Nf6 16. e3 Qd7 17. g5 Nfe4 18. Nxe4 Nxe4 19. Ba3 Rfe8 20. Rc1 Re6 21. Re1 Rae8 22. Rc2 Qf7 23. Bf3 h6 24. h4 h5 25. Bc1 Nd6 26. a4 a6 27. Qd3 Qd7 28. Kf2 Bf7 29. Ba3 Ne4+ 30. Kg2 g6 31. Rce2 Qc7 32.
Rc2 Qa5 33. Ree2 Qc7 34. Rc1 Qd7 35. Rb2 Nd6 36. Re1 Ne4 37. b4 Nd6 38. Rc2 Nc4 39.
Bc1 b5 40. axb5 axb5 41. Ra2 Qd6 42. Qc3 R6e7 43. Kf2 Rb8 44. Bd2 Reb7 45. Rea1 Qe7 46. Bc1 Re8 47. Ra8 Kh7 48. Rxe8 Qxe8 49. Ra6 Re7 50. Be2 Nd6 51. Qxc6 Ne4+ 52. Kg2 Qd8 53. Ra8 Rc7 54. Qa6 Qe7 55. Qa3 Rc3 56. Qb2 Qc7 57. Bd2 Rc2 0-1

[Event "*** Titled Tuesday Blitz"]
[Site "Chess.com"]
[Date "2020.04.14"]
[Round "3"]
[White "Neimar24"]
[Black "aleksa74"]
[Result "1/2-1/2"]
[WhiteElo "2535"]
[BlackElo "2732"]
[TimeControl "180+1"]
[EndTime "10:29:00 PDT"]
[Termination "Game drawn by agreement"]

1. e4 e5 2. Nf3 Nc6 3. Bc4 Bc5 4.
c3 Nf6 5. d3 d6 6. Bb3 a6 7.
Nbd2 Ba7 8. Nf1 h6 9. Be3 O-O 10. Bxa7 Rxa7 11. Ng3 Re8 12. O-O d5 13. Qe2 Ra8 14. Nh4 Bg4 15. f3 Be6 16. Nhf5 Kh7 17. Bc2 g6 18. Ne3 d4 19. Nd1 Qd6 20. Nf2 Rad8 21.
Qd2 b5 22. h3 dxc3 23. bxc3 b4 24. cxb4 Qxb4 25. Qe3 Qd4 26. Qc1 Qc5 27. Ba4 Qxc1 28. Rfxc1 Nb4 29. Bxe8 Nxe8 30. a3 Nxd3 31. Rd1 Bc4 32.
Nxd3 Rxd3 33. Rxd3 Bxd3 34. Rd1 Bb5 35. Nf1 Kg7 36.
Ne3 h5 37. Rd8 Nd6 38. Nd5 Nc4 39. Nxc7 Nxa3 40. Ne8+ Kf8 41. Nc7+ Ke7 42. Ra8 Bc4 43. Nxa6 Bxa6 44. Rxa6 Nc2 45. Kf2 h4 46. Ke2 Nd4+ 47.
Kd3 Ne6 48. Ra7+ Kf6 49. Ke3 Nf4 50. Kf2 Ke6 51. Ra6+ Ke7 52. Ra5 Ke6 53. Ra6+ Ke7 54.
Ra7+ Ke6 1/2-1/2

[Event "*** Titled Tuesday Blitz"]
[Site "Chess.com"]
[Date "2020.04.14"]
[Round "3"]
[White "VitaliyBernadskiy"]
[Black "Lion-Al-Messi"]
[Result "1-0"]
[WhiteElo "2771"]
[BlackElo "2470"]
[TimeControl "180+1"]
[EndTime "10:29:00 PDT"]
[Termination "VitaliyBernadskiy won on time"]

1. e4 b6 2. d4 Bb7 3. Nc3 e6 4. Nf3 Bb4 5. Bd3 Nf6 6. Qe2 d5 7. e5 Ne4 8. O-O Nxc3 9. bxc3 Bxc3 10. Rb1 Nc6 11. Qe3 Bb4 12. Bb5 Be7 13. c3 a6 14. Ba4 Qd7 15. Ne1 b5 16. Bc2 Na5 17. Nd3 Nc4 18. Qg3 Bf8 19. a4 c6 20. h4 O-O-O 21. Ra1 f6 22. Bf4 f5 23. Rfb1 Kb8 24. Bb3 g6 25. Bg5 Rc8 26. Ra2 h6 27. Bf6 Rg8 28. Qf3 g5 29. h5 g4 30. Qg3 Kc7 31. Nf4 Be7 32. Bxe7 Qxe7 33. Bxc4 bxc4 34. Rab2 Rb8 35. Qe3 Ba8 36. Ng6 Qg7 37. Qc1 Rgc8 38. Rb4 a5 39. R4b2 Qh7 40. g3 Qg7 41. Kg2 Qh7 42.
Rxb8 Rxb8 43. Rxb8 Kxb8 44. Qa3 Qf7 45. Qc5 Kb7 46.
Qxa5 Kb8 47. Qb4+ Kc7 48. Qd6+ Kb6 49. Nf4 Bb7 50. Nxe6 f4 51. Nxf4 Qf5 52. Qc5+ Ka6 53. a5 1-0

[Event "*** Titled Tuesday Blitz"]
[Site "Chess.com"]
[Date "2020.04.14"]
[Round "3"]
[White "jmduque"]
[Black "731291"]
[Result "0-1"]
[WhiteElo "2377"]
[BlackElo "2598"]
[TimeControl "180+1"]
[EndTime "10:29:00 PDT"]
[Termination "731291 won by checkmate"]

1. e4 e6 2. d4 d5 3. Nc3 Bb4 4. a3 Bxc3+ 5. bxc3 dxe4 6. Qg4 Nf6 7. Qxg7 Rg8 8. Qh6 Rg6 9. Qd2 Nc6 10. Ne2 Ne7 11.
Nf4 Rg8 12. Be2 b6 13. a4 Bb7 14. a5 Nf5 15. O-O Nd5 16. Bb5+ c6 17. a6 cxb5 18.
axb7 Rb8 19. Rxa7 Qg5 20. Ra8 Kd7 21. Rxb8 Rxb8 22. Nxd5 Qxd2 23. Nxb6+ Kc6 24. Bxd2 Kxb6 25. Rb1 Kc6 26. Re1 Kd5 27. Ra1 Rxb7 28. Kf1 Nd6 29. Ra8 Nc4 30. Bf4 Nb6 31. Rh8 f5 32. h4 Kc4 33.
Be5 Kxc3 34. d5+ Kxc2 35. dxe6 Re7 36. Bd4 Nd5 37. Rc8+ Kd3 38. Be5 Rxe6 39. Bg7 Ra6 40. g3 b4 41. h5 b3 42. h6 Rb6 43. Kg2 b2 44. Bxb2 Rxb2 45. Rh8 e3 46. Rxh7 Rxf2+ 47. Kh3 e2 48. Rd7 e1=Q 49. Rxd5+ Ke4 50. Rd8 Qh1# 0-1

[Event "*** Titled Tuesday Blitz"]
[Site "Chess.com"]
[Date "2020.04.14"]
[Round "3"]
[White "codapbg94"]
[Black "BrianEscalante"]
[Result "0-1"]
[WhiteElo "2033"]
[BlackElo "2505"]
[TimeControl "180+1"]
[EndTime "10:29:00 PDT"]
[Termination "BrianEscalante won by resignation"]

1. e4 e6 2. Qe2 Ne7 3. Nf3 d5 4. d3 c5 5. g3 Nbc6 6. Bg2 g6 7.
O-O Bg7 8. c3 h6 9. Na3 b6 10. e5 Ba6 11. h4 Qc7 12. Re1 O-O 13.
Bf4 Qd7 14. Nc2 f6 15. exf6 Rxf6 16. Ne5 Qb7 17. Ne3 Rxf4 18. gxf4 Rf8 19. N3g4 Rxf4 20. Nxc6 Qxc6 21. Ne5 Qd6 22. Nf3 Bc8 23. Bh3 Nf5 24. Ne5 Rxh4 25. Kg2 g5 26. Ng6 g4 27. Nxh4 Nxh4+ 28. Kh1 Nf3 29. Qxf3 gxf3 30. Re3 Qf4 31. Rae1 Qh4 32.
Rxf3 e5 33. Kg2 Bxh3+ 34. Rxh3 Qg5+ 35. Rg3 Qd2 36. Rg1 Kh7 37. Kh1 Bf6 38. Rg6 Qf4 39. R1g2 Qf3 40. Rg8 Qh5+ 41. Kg1 Qd1+ 42. Kh2 Qxd3 43.
Ra8 Qa6 44. Rf8 Bg5 45. Rf7+ Kg6 46. Rd7 Qxa2 47. Rd6+ Kf5 48. Rg3 Qxb2 49. Rf3+ Ke4 50. Re3+ Bxe3 0-1

[Event "*** Titled Tuesday Blitz"]
[Site "Chess.com"]
[Date "2020.04.14"]
[Round "3"]
[White "isla88"]
[Black "Etoilegeniale"]
[Result "0-1"]
[WhiteElo "2283"]
[BlackElo "2511"]
[TimeControl "180+1"]
[EndTime "10:29:00 PDT"]
[Termination "Etoilegeniale won by resignation"]

1. c4 Nf6 2. Nc3 e5 3. Nf3 Nc6 4. e3 Bb4 5. Qc2 O-O 6. Nd5 Re8 7. Qf5 d6 8. Nxf6+ Qxf6 9. Qxf6 gxf6 10. a3 Bc5 11. b4 Bb6 12. Bb2 f5 13. b5 Na5 14. d4 Nb3 15. Rd1 Ba5+ 16. Ke2 exd4 17. Nxd4 Nc5 18. g3 Na4 19. Ba1 Nc3+ 20. Bxc3 Bxc3 21.
Kd3 Bxd4 22. exd4 f4 23. gxf4 Bf5+ 24. Kc3 a6 25. Kb4 axb5 26. cxb5 Bc2 27. Rc1 Ra4+ 28. Kc3 Be4 29. Rg1+ Kf8 30. Kb3 Rea8 31. Bc4 Rxa3+ 32. Kb2 Rf3 33. Rge1 Rxf2+ 34. Kb3 d5 35. Re2 Rf3+ 36.
Kb4 Rxf4 37. Bb3 Rc8 38. Rc5 c6 39. bxc6 bxc6 40. Ba4 Ke7 41. Rxc6 Rxc6 42. Bxc6 Kd6 43. Be8 f5 44. Re1 Rf2 45. h4 f4 46. Rc1 f3 47.
Rc6+ Ke7 48. Bh5 Rb2+ 49. Ka3 Rd2 50. Rc7+ Kf6 51. Rf7+ Ke6 52. Rf8 f2 53. Bg4+ Ke7 54. Kb4 Kxf8 0-1

[Event "*** Titled Tuesday Blitz"]
[Site "Chess.com"]
[Date "2020.04.14"]
[Round "3"]
[White "temus_galaktionov"]
[Black "Hanging_pointer"]
[Result "1-0"]
[WhiteElo "2763"]
[BlackElo "2545"]
[TimeControl "180+1"]
[EndTime "10:29:01 PDT"]
[Termination "temus_galaktionov won by checkmate"]

1. d4 d5 2. Nf3 Nf6 3. c4 c6 4.
Qb3 Qb6 5. Nc3 dxc4 6. Qxc4 Bf5 7. h3 e6 8. g4 Bg6 9. Bg2 Nbd7 10. O-O Be7 11. Nh4 Qb4 12. Qxb4 Bxb4 13. Nxg6 hxg6 14. e4 e5 15. Be3 exd4 16. Bxd4 g5 17. e5 Ng8 18. e6 Ndf6 19. Rfe1 Ne7 20. exf7+ Kxf7 21. Re5 Rhd8 22. Be3 Bxc3 23. bxc3 Ned5 24. Bxd5+ Rxd5 25. Rxg5 Rxg5 26. Bxg5 Ne4 27. Be3 Nxc3 28. Kg2 Nd5 29. Bd2 c5 30. Rc1 Rc8 31. Kf3 b5 32. Ke4 Ke6 33.
f4 Kd6 34. f5 Rh8 35. Rh1 b4 36. Kd3 a5 37. g5 Rh4 38. Kc2 c4 39. Rf1 Rxh3 40.
f6 gxf6 41. gxf6 b3+ 42. axb3 cxb3+ 43. Kb2 Nxf6 44. Rxf6+ Kd5 45. Bxa5 Kc4 46. Rf4+ Kb5 47. Bc3 Rg3 48. Kxb3 Rg5 49. Ra4 Kc6 50. Kc4 Rg4+ 51. Bd4 Rh4 52. Ra6+ Kd7 53. Kd5 Kc7 54. Ra7+ Kc8 55.
Be5 Rh6 56. Bd6 Rh1 57. Kc6 Rc1+ 58. Bc5 Kd8 59. Ra8# 1-0

[Event "*** Titled Tuesday Blitz"]
[Site "Chess.com"]
[Date "2020.04.14"]
[Round "3"]
[White "maxip32"]
[Black "Koksik_13"]
[Result "0-1"]
[WhiteElo "2422"]
[BlackElo "2692"]
[TimeControl "180+1"]
[EndTime "10:29:01 PDT"]
[Termination "Koksik_13 won on time"]

1. e4 e6 2. d3 d5 3. Nd2 Nf6 4. Ngf3 b6 5. g3 Bb7 6. exd5 Bxd5 7. Bg2 Nbd7 8. O-O Be7 9. c4 Bb7 10. d4 O-O 11. b3 c5 12. Bb2 Qc7 13. Qe2 Rad8 14.
Rad1 cxd4 15. Nxd4 Bxg2 16. Kxg2 Qb7+ 17. Qf3 Qxf3+ 18.
N2xf3 Rc8 19. Rfe1 a6 20. h3 h6 21. a3 Nc5 22.
Ba1 Rfd8 23. b4 Na4 24. Rc1 Nd7 25. Nf5 Bf8 26. N5d4 Be7 27. Nf5 Bf8 28. N5d4 g6 29. Red1 Bg7 30. Rc2 Nf6 31. Rdc1 Ne4 32. b5 a5 33. Nc6 Rd7 34. Bxg7 Kxg7 35. Nfe5 Rd6 36. Re2 Nec5 37. Rcc2 f6 38. Nf3 Kf7 39. Rcd2 Rxd2 40. Rxd2 Rc7 41. Rd6 Nb7 42. Nd8+ Nxd8 43. Rxd8 Ke7 44.
Rd4 e5 45. Rh4 h5 46. g4 Rxc4 47. gxh5 Rxh4 48. Nxh4 gxh5 49. Nf5+ Ke6 50. Ng7+ Kf7 51. Nxh5 Nc3 52. Ng3 Nxb5 53. Ne4 Nxa3 54. h4 Nc2 55. Kf3 a4 56. Nc3 a3 57. Ke2 b5 58. Kd3 b4 0-1

[Event "*** Titled Tuesday Blitz"]
[Site "Chess.com"]
[Date "2020.04.14"]
[Round "3"]
[White "fugadelafuga"]
[Black "pooh2012"]
[Result "1-0"]
[WhiteElo "2375"]
[BlackElo "2565"]
[TimeControl "180+1"]
[EndTime "10:29:01 PDT"]
[Termination "fugadelafuga won by checkmate"]

1. e4 c6 2. Nc3 d5 3. Nf3 Bg4 4. h3 Bxf3 5. Qxf3 e6 6. d3 Nd7 7.
Bd2 Ngf6 8. g4 Be7 9. Bg2 Ne5 10.
Qg3 Ng6 11. f4 Nxe4 12. Qf3 Bh4+ 13. Kd1 Nf2+ 14. Kc1 Nxh1 15. Bxh1 Qb6 16. a4 Qf2 17.
Ne2 Qxf3 18. Bxf3 a5 19. c3 e5 20. f5 Ne7 21. c4 h5 22. Kc2 hxg4 23. hxg4 Bf2 24. Nc3 O-O-O 25. cxd5 cxd5 26. Rf1 Rh2 27. Rh1 Rdh8 28. Rxh2 Rxh2 29. Kd1 d4 30. Ne4 f6 31. Nd6+ Kc7 32. Nxb7 Nc6 33. Nxa5 Nxa5 34. Bxa5+ Kb8 35. b4 Rh3 36. Bd5 Be3 37. Kc2 Rh2+ 38. Kb3 Rd2 39. Kc4 Rc2+ 40. Kb5 Rc3 41. Be4 Bd2 42. Bb6 Rb3 43. Bc5 Rb2 44. a5 Ra2 45. Kb6 Rb2 46. Kb5 Ra2 47. Bd5 Ra1 48. Be6 Kc7 49. Bc4 Bc3 50.
Bb6+ Kb8 51. Bd5 Ra3 52. a6 Ra1 53. Bc5 Ra3 54. Kb6 Ra1 55. b5 Kc8 56. Be6+ Kb8 57.
Bd6+ Ka8 58. Bd5# 1-0

[Event "*** Titled Tuesday Blitz"]
[Site "Chess.com"]
[Date "2020.04.14"]
[Round "3"]
[White "adriangschnitzer"]
[Black "Nikolakis2014"]
[Result "0-1"]
[WhiteElo "2386"]
[BlackElo "2688"]
[TimeControl "180+1"]
[EndTime "10:29:01 PDT"]
[Termination "Nikolakis2014 won on time"]

1. e4 c5 2. Nf3 Nc6 3. d4 cxd4 4. Nxd4 e5 5. Nb5 d6 6. N1c3 a6 7. Na3 Be6 8. Nc4 b5 9. Ne3 Nf6 10. g3 Be7 11. Bg2 O-O 12. O-O Rc8 13. Ncd5 b4 14.
c4 a5 15. b3 Nd7 16. Bb2 Nc5 17. Qd2 Kh8 18. Rad1 Bg5 19. f4 Bh6 20. Kh1 exf4 21. gxf4 f6 22. Qe2 Qe8 23. Ng4 Bxg4 24. Qxg4 Nxe4 25.
Nb6 Rc7 26. f5 Nc3 27. Rxd6 Ne5 28. Qd4 Qh5 29. Bxc3 bxc3 30. Qxc3 Ng4 31. Qh3 Qg5 32. Qg3 Re7 33. h3 Ne3 34. Qxg5 Bxg5 35. Re1 Rfe8 36. Rd3 h5 37. c5 Nxf5 38. Rxe7 Rxe7 39. Kg1 Be3+ 40.
Rxe3 Rxe3 41. c6 Re1+ 42. Kf2 Rc1 43. Nc4 Ne7 44. c7 Rc2+ 45. Kg3 Rxa2 46. Bb7 a4 47. Nd6 axb3 0-1

[Event "*** Titled Tuesday Blitz"]
[Site "Chess.com"]
[Date "2020.04.14"]
[Round "3"]
[White "BlackGod93"]
[Black "queen_iryna"]
[Result "0-1"]
[WhiteElo "2396"]
[BlackElo "2211"]
[TimeControl "180+1"]
[EndTime "10:29:01 PDT"]
[Termination "queen_iryna won on time"]

1. Nf3 d6 2. c4 e5 3. Nc3 g6 4. g3 Bg7 5. Bg2 f5 6. O-O Nf6 7. e4 Nc6 8. exf5 Bxf5 9. d4 Ke7 10. Bg5 Re8 11. dxe5 dxe5 12. Nd5+ Kf7 13. Qb3 Rb8 14.
Rad1 Qc8 15. Nh4 Be6 16. f4 Bxd5 17. cxd5 Nd4 18. Qc4 b5 19. Qc5 Nf5 20. fxe5 Rxe5 21. Bh3 Ne4 22. Nxf5 gxf5 23. Rxf5+ Rxf5 24. Qe7+ Kg8 25.
Qxe4 Re5 26. Qxe5 Qxh3 27. Qxc7 Rf8 28. Bf4 Qg4 29. Rf1 Qe2 30. Qxa7 Qxb2 31. Kh1 Qe2 32.
Qf2 Qe4+ 33. Qf3 Qc4 34. d6 Qxa2 35. d7 Qf7 36. Rd1 Bf6 37. Qc6 Bd8 38. Qc5 Qg6 39.
Qxb5 Qe4+ 40. Kg1 Qe6 41. Qd5 Bb6+ 42. Kg2 Qxd5+ 43. Kh3 Qxd1 44. d8=Q Qxd8 0-1

[Event "*** Titled Tuesday Blitz"]
[Site "Chess.com"]
[Date "2020.04.14"]
[Round "3"]
[White "MisiekZielony"]
[Black "Irishchessman16"]
[Result "0-1"]
[WhiteElo "2172"]
[BlackElo "2359"]
[TimeControl "180+1"]
[EndTime "10:29:01 PDT"]
[Termination "Irishchessman16 won on time"]

1. c4 e5 2. Nc3 Bb4 3. Qc2 d6 4. e3 Ne7 5. a3 Bxc3 6. Qxc3 O-O 7. Nf3 Nbc6 8. d3 f5 9. b4 Ng6 10. b5 Nce7 11. Bb2 f4 12. Be2 Nf5 13. e4 Nfh4 14.
Nxh4 Nxh4 15. g3 Ng2+ 16. Kf1 Bh3 17. Kg1 f3 18. Bf1 Qd7 19. Bc1 Nf4 20. Bxf4 Rxf4 21.
Qe1 Raf8 22. Bxh3 Qxh3 23. Qf1 Qg4 24. h3 Qg6 25. Kh2 R4f6 26. Qc1 h5 27. h4 Qg4 28. Qe3 b6 29. a4 g5 30. Qxg5+ Qxg5 31. hxg5 Rg6 32.
Kg1 Rxg5 33. a5 Rf7 34. axb6 cxb6 35. Kf1 Rh7 36. Ke1 h4 37. gxh4 Rxh4 38. Kd2 Rhg4 39.
Ke3 Rg7 40. Rh3 Rg1 41. Rxg1 Rxg1 42. Rxf3 Ra1 43. Rf6 Re1+ 44. Kd2 Rf1 45. Ke2 Ra1 46. Rxd6 Ra2+ 47. Ke3 Kf7 48. Rd7+ Ke6 49. Rd8 Ke7 50. Rd5 Ke6 51. Rd8 Ra1 0-1

[Event "*** Titled Tuesday Blitz"]
[Site "Chess.com"]
[Date "2020.04.14"]
[Round "3"]
[White "renanreis"]
[Black "MaxVavulin"]
[Result "0-1"]
[WhiteElo "2170"]
[BlackElo "2519"]
[TimeControl "180+1"]
[EndTime "10:29:02 PDT"]
[Termination "MaxVavulin won by checkmate"]

1. e4 g6 2. d4 Bg7 3. Nc3 d6 4. Nf3 a6 5. h4 b5 6. h5 Bb7 7. h6 Bf8 8. Bd3 Nf6 9. Qe2 Nbd7 10. e5 Bxf3 11. gxf3 dxe5 12. dxe5 Nh5 13. e6 fxe6 14. Qxe6 Ndf6 15. Nxb5 axb5 16. Bxb5+ Nd7 17. Bg5 c6 18. Bxc6 Ra5 19. Rd1 Ra7 20. Bd5 Qa5+ 21. Bd2 Qc5 22. Qf7+ Kd8 23. Bc3 e5 24. Be6 Qe7 25. Bxe5 Qxf7 26.
Bxf7 Ke7 27. Bxh8 Kxf7 28. Bc3 Nc5 29. Rd5 Nf4 30. Rd8 Nfe6 31. Rc8 Rxa2 32. Rh4 Na4 33. Re4 Nxb2 34. Bxb2 Rxb2 35. Ra8 Nc5 36. Ra7+ Kf6 37. Rf4+ Kg5 38. Rxf8 Rxc2 39. Ra5 Kh4 40. Rf7 Kh3 41.
Rxh7 Nd3+ 42. Kf1 Rxf2+ 43. Kg1 Rg2+ 44. Kf1 Rf2+ 45. Kg1 Rg2+ 46. Kh1 Nf2# 0-1

[Event "*** Titled Tuesday Blitz"]
[Site "Chess.com"]
[Date "2020.04.14"]
[Round "3"]
[White "Aygehovit1992"]
[Black "Micki-taryan"]
[Result "0-1"]
[WhiteElo "2716"]
[BlackElo "3115"]
[TimeControl "180+1"]
[EndTime "10:29:03 PDT"]
[Termination "Micki-taryan won on time"]

1. e4 e5 2. Nf3 Nc6 3. Bb5 Nf6 4. d3 Bc5 5. c3 O-O 6. O-O Re8 7. Bg5 h6 8. Bh4 Be7 9. Nbd2 d6 10. Re1 a6 11.
Ba4 Bd7 12. Nf1 Nh5 13. Bxe7 Qxe7 14. Ne3 Nf4 15. g3 Ng6 16. Nd5 Qd8 17. h4 Nce7 18. Bxd7 Qxd7 19. h5 Nf8 20. Nxe7+ Qxe7 21. Nh4 Rad8 22.
Nf5 Qf6 23. Qg4 Kh7 24. d4 Ne6 25. dxe5 dxe5 26. Rad1 Rxd1 27. Rxd1 Rd8 28. Kg2 Ng5 29. Qe2 Rxd1 30. Qxd1 Nxe4 31. Qd7 Ng5 32. g4 Ne6 33. Qe8 Qg5 34. Ne7 Qxg4+ 35. Kh2 Qxh5+ 36. Kg1 Qg4+ 37. Kh2 Qf4+ 38. Kg1 h5 39. Qg8+ Kh6 40. Qh8+ Kg5 41. Nd5 Qg4+ 42. Kh2 Qh4+ 43. Kg1 Qg4+ 44. Kh2 h4 45.
Ne3 Qf3 46. Kg1 h3 47. Qe8 Kg6 48. Qe7 h2+ 49. Kxh2 Qxf2+ 50. Ng2 Nf4 0-1

[Event "*** Titled Tuesday Blitz"]
[Site "Chess.com"]
[Date "2020.04.14"]
[Round "3"]
[White "BlueWizzard"]
[Black "PIwan"]
[Result "1-0"]
[WhiteElo "2763"]
[BlackElo "2546"]
[TimeControl "180+1"]
[EndTime "10:29:04 PDT"]
[Termination "BlueWizzard won by resignation"]

1. d4 d5 2. Nc3 Nf6 3. Bf4 e6 4. a3 Bd6 5. Bg5 h6 6. Bxf6 Qxf6 7. e4 dxe4 8. Nxe4 Qe7 9. Bd3 b6 10. Qe2 Bb7 11. Nf3 Nd7 12. Ba6 Bxa6 13. Qxa6 O-O 14. O-O Nf6 15. Rfe1 Nxe4 16. Rxe4 Qf6 17. Rd1 Rfd8 18.
b4 c5 19. bxc5 bxc5 20. Qa5 Qf5 21. Qe1 Be7 22. Rd3 cxd4 23. Re5 Qf6 24. Nxd4 Bd6 25.
Re4 Bc5 26. Rf3 Qe7 27. Nc6 Qb7 28. Nxd8 Rxd8 29. h4 Bb6 30. Ref4 Rd7 31. a4 Rc7 32. a5 Bc5 33. Rb3 Qc8 34. Qe4 Bd6 35. Rff3 Rxc2 36. g3 g6 37. Rfd3 Be7 38. Rb7 Bc5 39. Rf3 Re2 40.
Qxe2 Qxb7 41. Rc3 Bd4 42. Rd3 e5 43. Qc2 Qd5 44. Kh2 Qe4 45. Qd2 Qf5 46. Qe2 Bxf2 47. Rf3 Bxg3+ 48. Kxg3 Qe6 49. Qe4 f5 50. Qa8+ Kg7 51.
Qxa7+ Kf6 52. Qb6 e4 53. Rc3 g5 54. Rc6 1-0

[Event "*** Titled Tuesday Blitz"]
[Site "Chess.com"]
[Date "2020.04.14"]
[Round "3"]
[White "tvjosue"]
[Black "Nesty_Javi_Chess"]
[Result "1/2-1/2"]
[WhiteElo "2484"]
[BlackElo "2793"]
[TimeControl "180+1"]
[EndTime "10:29:04 PDT"]
[Termination "Game drawn by repetition"]

1. c4 c5 2. Nc3 Nc6 3. Nf3 Nf6 4.
e3 d5 5. cxd5 Nxd5 6. Bb5 e6 7. O-O Bd7 8. Nxd5 exd5 9. d4 cxd4 10.
Nxd4 Qb6 11. Ba4 Be7 12. b3 O-O 13. Bb2 Rfd8 14. Rc1 Rac8 15. Qf3 Bf8 16. Qg3 Qb4 17. Nxc6 bxc6 18. Bc3 Qe4 19. Rfd1 Re8 20. h3 Qe6 21. Bd4 c5 22. Bxd7 Qxd7 23. Ba1 Qe6 24. Rd3 Red8 25. Rcd1 g6 26. Qf3 c4 27. bxc4 Rxc4 28. Kh2 Bd6+ 29. g3 Bf8 30. Kg2 Rc2 31. Bf6 Rdc8 32. Rxd5 Rxa2 33. Rd8 Rac2 34. Rxc8 Rxc8 35. Rd4 Qc6 36. Qxc6 Rxc6 37. Be5 f6 38. Bf4 a5 39.
Rd8 Kf7 40. Ra8 Bb4 41. h4 h5 42. Kf3 Ke6 43. g4 hxg4+ 44. Kxg4 Rc2 45. Ra6+ Kf7 46. Ra7+ Ke6 47. Ra6+ Ke7 48. Ra7+ Ke6 49. Ra6+ 1/2-1/2

[Event "*** Titled Tuesday Blitz"]
[Site "Chess.com"]
[Date "2020.04.14"]
[Round "3"]
[White "Muguet7"]
[Black "LiamVrolijk"]
[Result "0-1"]
[WhiteElo "2473"]
[BlackElo "2793"]
[TimeControl "180+1"]
[EndTime "10:29:04 PDT"]
[Termination "LiamVrolijk won by resignation"]

1. d4 Nf6 2. Nf3 d5 3. c4 e6 4. Nc3 dxc4 5. e3 a6 6. Bxc4 b5 7. Bd3 Bb7 8. O-O Nbd7 9. a4 b4 10. Ne2 c5 11. b3 Be7 12. Bb2 O-O 13. Ng3 cxd4 14. Bxd4 Nc5 15. Bc4 Nfe4 16. Nxe4 Nxe4 17. Qe2 Bf6 18. Rfd1 Bxd4 19. Rxd4 Qc7 20. Bd3 Nc3 21.
Qc2 Rfc8 22. Bxh7+ Kf8 23. Rxb4 Bxf3 24. gxf3 Qe5 25. Re1 g6 26. Bxg6 fxg6 27. Qxg6 Qg7 28. Rf4+ Kg8 29. Qg4 Rc5 30. Qxg7+ Kxg7 31. Rg4+ Kf6 32.
Kf1 Rh8 33. h4 Nd5 34. Rd1 Kf7 35. e4 Nf6 36. Rf4 Ke7 37. b4 Rc4 38. Rb1 Rb8 39.
h5 Rcxb4 40. Rxb4 Rxb4 41. h6 Rb8 42. e5 Nd5 43. Rg4 Rh8 44. Rg6 Kf8 45. Rxe6 Kf7 46. Rxa6 Nc7 47. Ra7 Rc8 48. Ke2 Ke6 49. Ke3 Nd5+ 50.
Ke4 Rc4+ 51. Kd3 Rh4 52. Ra6+ Kxe5 53. a5 Nb4+ 54. Ke3 Nxa6 55. f4+ Rxf4 56. h7 Rh4 0-1

[Event "*** Titled Tuesday Blitz"]
[Site "Chess.com"]
[Date "2020.04.14"]
[Round "3"]
[White "FranciscodelaF"]
[Black "Volodar_Murzin"]
[Result "0-1"]
[WhiteElo "2412"]
[BlackElo "2676"]
[TimeControl "180+1"]
[EndTime "10:29:04 PDT"]
[Termination "Volodar_Murzin won by resignation"]

1. d4 Nf6 2. c4 g6 3. g3 Bg7 4. Bg2 O-O 5. Nc3 d6 6. Nf3 Nbd7 7. O-O e5 8. h3 c6 9. e4 Qb6 10.
c5 dxc5 11. dxe5 Ne8 12. e6 fxe6 13. Ng5 Ne5 14. f4 Nf7 15. Nxf7 Bd4+ 16. Kh2 Rxf7 17. e5 Bd7 18. Ne4 Rd8 19. a4 Bc8 20. Qe2 a5 21.
Ra3 Qa7 22. Ng5 Re7 23. Qg4 c4 24. Raf3 Ng7 25. Ne4 Rf7 26. h4 Kh8 27. Ng5 Rf5 28. Ra3 Qb6 29. Qe2 Qc7 30. Bh3 Rff8 31. Bg4 Nf5 32. h5 Kg7 33. Kg2 Qe7 34. Rh1 Rh8 35. Ne4 Ba7 36. Bd2 Rd3 37. Rxd3 cxd3 38. Qxd3 Rd8 39.
Qe2 Nd4 40. Qe1 Nb3 41. hxg6 hxg6 42. Bc3 Bd4 43. Ng5 Rh8 44. Rxh8 Kxh8 45. Qh1+ Kg8 46. Qh6 Qg7 47. Qxg7+ Kxg7 48. Bxe6 Bxc3 49. bxc3 Bxe6 50. Nxe6+ Kg8 51. Nd4 Nxd4 52. cxd4 b5 53. Kf2 bxa4 54. Ke2 a3 55. Kd2 a2 56. Kc2 a1=Q 0-1

[Event "*** Titled Tuesday Blitz"]
[Site "Chess.com"]
[Date "2020.04.14"]
[Round "3"]
[White "Larax"]
[Black "mirciulica14"]
[Result "0-1"]
[WhiteElo "2388"]
[BlackElo "2618"]
[TimeControl "180+1"]
[EndTime "10:29:04 PDT"]
[Termination "mirciulica14 won by checkmate"]

1. e4 e5 2. Nf3 Nc6 3. Bb5 a6 4. Ba4 Nf6 5. O-O b5 6. Bb3 Bc5 7. Re1 d6 8. c3 O-O 9. d4 Bb6 10. Be3 exd4 11. cxd4 Bg4 12. d5 Bxe3 13. Rxe3 Ne5 14.
Nbd2 Re8 15. h3 Bh5 16. Bc2 Qd7 17. Nxe5 Rxe5 18. Qe1 h6 19. f4 Re7 20. Qh4 Bg6 21. f5 Bxf5 22. Rf1 Bg6 23. Rxf6 gxf6 24. Qxf6 Re5 25.
Nf3 Qe7 26. Qf4 Re8 27. Nxe5 Qxe5 28. Qxh6 Qxb2 29. Bd1 Qd4 30. Kh2 Qxd1 31. Rg3 Qd4 32. h4 Qg7 33. Qxg7+ Kxg7 34. h5 Rxe4 35. hxg6 fxg6 36.
Rc3 Rc4 37. Ra3 Rc5 38. Rxa6 Rxd5 39. Ra7 Rc5 40. Rb7 Kf6 41. Kg3 c6 42. Kf4 Rc4+ 43. Ke3 Rc2 44. Rb6 Rxa2 45. Rxc6 Ke5 46. Rb6 Rxg2 47.
Rxb5+ Ke6 48. Kf4 Rf2+ 49. Kg5 Rf5+ 50. Rxf5 gxf5 51. Kf4 d5 52. Kf3 Ke5 53. Ke3 d4+ 54.
Kd3 Kd5 55. Kd2 Ke4 56. Ke2 d3+ 57. Kd2 Kd4 58. Kd1 Ke3 59. Kc1 f4 60. Kd1 f3 61.
Ke1 f2+ 62. Kf1 d2 63. Kg2 d1=Q 64. Kg3 f1=Q 65. Kh4 Qd4+ 66. Kg5 Qff4+ 67. Kg6 Qdf6+ 68. Kh7 Q4h6+ 69. Kg8 Qff8# 0-1